 Dungeon Crawl Stone Soup version 0.28-a0-258-g8de209e91f (webtiles) character file.

Game seed: 3782204164528891014

475 bande the Shield-Bearer (level 7, -3/43 HPs)
             Began as a Gargoyle Fighter on Aug 26, 2021.
             Slain by Sigmund (6 damage)
             ... on level 4 of the Dungeon.
             The game lasted 00:07:09 (4209 turns).

bande the Shield-Bearer (Gargoyle Fighter)          Turns: 4209, Time: 00:07:09

Health: -3/43      AC: 18    Str: 20    XL:     7   Next: 10%
Magic:  0/11       EV:  4    Int:  9    God:
Gold:   127        SH:  8    Dex: 10    Spells: 12/12 levels left

rFire   . . .      SeeInvis .   a - +0 war axe
rCold   . . .      Faith    .   c - +0 kite shield
rNeg    + . .      Spirit   +   b - +0 plate armour
rPois   ∞          Reflect  .   (no helmet)
rElec   +          Harm     .   (no cloak)
rCorr   .          Rampage  .   l - +0 pair of gloves
Will    .....                   (no boots)
Stlth   ..........              f - amulet of guardian spirit
HPRegen 0.14/turn               (no ring)
MPRegen 0.12/turn               (no ring)

@: no status effects
A: sickness immunity, AC +4, negative energy resistance 1, electricity
resistance, torment resistance 1, petrification resistance
a: no special abilities


You were on level 4 of the Dungeon.
You visited 1 branch of the dungeon, and saw 4 of its levels.

You collected 127 gold pieces.

Inventory:

Hand Weapons
 a - a +0 war axe (weapon)
 m - a +0 mace of protection
Missiles
 d - 2 throwing nets (quivered)
Armour
 b - a +0 plate armour (worn)
 c - a +0 kite shield (worn)
 l - a +0 pair of gloves (worn)
Jewellery
 e - a ring of ice
 f - an amulet of guardian spirit (around neck)
Scrolls
 g - 2 scrolls of identify
 h - 3 scrolls of teleportation
 i - a scroll of amnesia
 j - 2 scrolls of holy word
Potions
 k - 2 potions of flight


   Skills:
 + Level 4.0 Fighting
 + Level 3.9 Axes
 + Level 4.5 Armour
 - Level 0.1 Dodging
 + Level 4.6 Shields
 * Level 3.2 Spellcasting


You had 12 spell levels left.
You didn't know any spells.
Your spell library contained the following spells:

 Spells                   Type           Power      Damage    Failure   Level
 Stone Arrow              Conj/Erth      2%         3d7       100%        3
 Animate Armour           Summ/Erth      2%         N/A       100%        4
 Fireball                 Conj/Fire      0%         3d3       100%        5
 Iskenderun's Battlesphe  Conj           1%         2d6       100%        5
 Conjure Ball Lightning   Conj/Air       0%         3x3d6     100%        6
 Orb of Destruction       Conj           0%         N/A       100%        7
 Lehudib's Crystal Spear  Conj/Erth      0%         10d2      100%        8


Dungeon Overview and Level Annotations

Branches:
Dungeon (4/15)
 Temple: D:4-7

Altars:

Shops:
D:1 =

Annotations:
D:4 Sigmund


Innate Abilities, Weirdness & Mutations

You are immune to sickness and miasma.
Your stone body is resilient. (AC +4)
You are immune to poison.
You resist negative energy. (rN+)
You are resistant to electric shocks. (rElec)
You are resistant to unholy torment.
You are immune to petrification.


Message History

Okay, then.
There is a stone staircase leading down here.
You climb downwards.
Level annotation: Sigmund
There is a stone staircase leading up here.
Sigmund screams, "I am the angel of ZOT!!!"
Sigmund mumbles some strange words.
Sigmund flickers and vanishes!
Deactivating autopickup; reactivate with Ctrl-A.
You hear some strange, mumbled words.
You are confused.
You bump into the rock wall.
Something hits you but does no damage.
You closely miss something. Something hits you.
You completely miss something. Something hits you!
You barely miss something.
You feel less confused. Something hits you but does no damage.
You miss something. Something hits you but does no damage.
You barely miss something. Something hits you.
Your plate armour prevents you from hitting something.
Something hits you.
You closely miss something. Something hits you.
You miss something.
You hear some strange, mumbled words.
A magic dart appears from out of thin air!
The magic dart hits you. You block something's attack.
You slash something! Something hits you!
You miss something. Something hits you but does no damage.
Your plate armour prevents you from hitting something.
Something completely misses you.
You miss something.
You hear some strange, mumbled words.
Something tries to affect you, but you resist.
You miss something. You block something's attack.
You barely miss something. Something hits you!
* * * LOW HITPOINT WARNING * * *
You slash something! Something hits you.
* * * LOW HITPOINT WARNING * * *
You hit something. Something hits you!
You die...

##..............##
##............>##.
###..............##.
####....##..........##.
##..##....#.............
#.....<......###........
#..#..#..###..###.##..#..
#.##...####......##.##. #
##.@{..###........#.
#####............@...
####.##.................
#..........##....##.....
#......#....##.#####.##.
#.....##...#..... ....##
##....###.#......###....
#......##.......## ##...
#..##...#.......# ##..


There were no monsters in sight!

Vanquished Creatures
  An orc warrior (D:3)
  A black bear (D:4)
  A scorpion (D:4)
  An orc priest (D:3)
  Jessica (D:2)
  An iguana (D:3)
  An orc wizard (D:3)
  A hound skeleton (D:4)
  4 adders
  2 adder skeletons (D:4)
  2 worms
  A dart slug (D:1)
  7 orcs
  4 bats
  6 endoplasms
  6 giant cockroaches
  2 hobgoblins
  9 kobolds
  A quokka (D:2)
  5 ball pythons
  A frilled lizard (D:1)
  3 goblins
  A quokka skeleton (D:4)
  4 rats
66 creatures vanquished.

Notes
Turn   | Place    | Note
-------+----------+-------------------------------------------
     0 | D:1      | bande the Gargoyle Fighter began the quest for the Orb.
     0 | D:1      | Reached XP level 1. HP: 14/14 MP: 1/1
    54 | D:1      | Found a faded altar of an unknown god.
    65 | D:1      | Found Awirph's Jewellery Boutique.
   130 | D:1      | Reached XP level 2. HP: 19/19 MP: 2/2
   592 | D:2      | Noticed Jessica
   599 | D:2      | Killed Jessica
   600 | D:2      | Reached skill level 1 in Spellcasting
   600 | D:2      | Reached XP level 3. HP: 21/23 MP: 2/5
   765 | D:2      | Reached XP level 4. HP: 11/28 MP: 2/7
  1953 | D:3      | Reached XP level 5. HP: 13/32 MP: 4/8
  2649 | D:4      | Noticed an orc warrior
  2667 | D:3      | HP: 1/32 [orc warrior (2)]
  2670 | D:3      | Killed an orc warrior
  2985 | D:3      | Reached XP level 6. HP: 30/38 MP: 8/10
  3146 | D:4      | Noticed Sigmund
  3343 | D:4      | Noticed a black bear
  3357 | D:4      | Killed a black bear
  3567 | D:3      | Reached XP level 7. HP: 41/42 MP: 9/11
  4209 | D:4      | Slain by Sigmund

Illustrated notes

Levels and vault maps discovered:
D:1:      wheals_arrival_shading, layout_rooms,
          hellmonk_ecumenical_altar_lost_god, serial_shops, shop,
          minmay_split_cup_small
D:2:      layout_basic, palyth_stone_intersect, lightli_corner_chamber,
          uniq_jessica
D:3:      layout_loops_ring, kennysheep_generic_room_11
D:4:      layout_cave_pools, glass_columns_a, chequers_mini_garden, uniq_sigmund

Skill      XL: |  1  2  3  4  5  6  7 |
---------------+----------------------+-----
Axes           | 2 3 |  3.9
Spellcasting   | 1 2 3 |  3.2
Armour         | 4 |  4.5
Shields        | 4 |  4.6
Fighting       | 4 |  4.0
Dodging        | |  0.1

Action                   |  1- 3 |  4- 6 |  7- 9 || total
-------------------------+-------+-------+-------++-------
Melee: War axe           |    47 |   189 |    40 ||   276
  Use: Scroll            |     2 |     4 |       ||     6
       Potion            |       |     5 |       ||     5
Armor: Scale mail        |    25 |    65 |       ||    90
       Chain mail        |       |    75 |       ||    75
       Plate armour      |       |    15 |    29 ||    44
Dodge: Dodged            |    13 |    65 |     3 ||    81
Block: Kite shield       |    24 |   132 |    17 ||   173

Table legend: (Time is in decaauts)
 A = Elapsed time spent in this place.
 B = Non-inter-level travel time spent in this place.
 C = Inter-level travel time spent in this place.
 D = Time resting spent in this place.
 E = Time spent auto-exploring this place.
 F = Levels seen in this place.
 G = Mean time per level.
                   A        B        C        D        E       F      G
               +--------+--------+--------+--------+--------+-----+--------+
         Total |   4378 |   4378 |      0 |   1513 |   1848 |   4 | 1094.5 |
       Dungeon |   4378 |   4378 |      0 |   1513 |   1848 |   4 | 1094.5 |
               +--------+--------+--------+--------+--------+-----+--------+

Top non-repeatable levels by time:
     D:3: 2306 daAuts
     D:2: 1015 daAuts
     D:1: 592 daAuts
     D:4: 464 daAuts
